 Dungeon Crawl Stone Soup version 0.29.1-15-g9cfb28693d (webtiles) character file.

Game seed: 4503740131364782770

1240 growler the Martial Artist (level 8, -2/56 HPs)
             Began as a Merfolk Transmuter on Apr 25, 2023.
             Was an Initiate of Wu Jian.
             Slain by a sky beast (6 damage)
             ... on level 6 of the Dungeon.
             The game lasted 00:17:55 (7815 turns).

growler the Martial Artist (Merfolk Transmuter)     Turns: 7815, Time: 00:17:56

Health: -2/56      AC:  2    Str: 10    XL:     8   Next: 49%
Magic:  13/13      EV: 12    Int: 15    God:    Wu Jian [......]
Gold:   665        SH:  0    Dex: 14    Spells: 3/13 levels left

rFire   . . .      SeeInvis .     - Unarmed
rCold   . . .      Faith    .   (no shield)
rNeg    . . .      Spirit   .   a - +0 robe
rPois   .          Reflect  .   (helmet currently unavailable)
rElec   .          Harm     .   (no cloak)
rCorr   .          Rampage  .   (no gloves)
Will    .....                   (boots currently unavailable)
Stlth   +.........              (no amulet)
HPRegen 0.18/turn               (no ring)
MPRegen 0.13/turn               (no ring)

@: appendages
A: horns 2, (nimble swimmer 2), mertail
a: End Transformation, Renounce Religion


You were on level 6 of the Dungeon.
You worshipped Wu Jian.
Wu Jian was noncommittal.
You had temporarily grown beastly horns.
You visited 2 branches of the dungeon, and saw 7 of its levels.

You collected 665 gold pieces.

Inventory:

Missiles
 f - a throwing net
Armour
 a - a +0 robe (worn)
 t - a +0 helmet (melded)
Jewellery
 d - a ring of ice
 j - a ring of ice
 s - a ring of see invisible
Wands
 p - a wand of polymorph (6)
 C - a wand of flame (13)
Scrolls
 e - a scroll of enchant armour {unknown}
 k - a scroll of amnesia {unknown}
 m - 2 scrolls of poison {unknown}
 n - 2 scrolls of brand weapon {unknown}
 o - 2 scrolls of enchant weapon {unknown}
 r - a scroll of teleportation {unknown}
 v - a scroll of blinking
 x - a scroll of immolation {unknown}
 y - a scroll of identify
 z - a scroll of noise {unknown}
Potions
 b - 2 potions of lignification
 c - 2 potions of flight
 g - a potion of experience
 h - 2 potions of resistance {unknown}
 i - 2 potions of cancellation {unknown}
 l - 2 potions of curing
 q - 2 potions of attraction
 u - 2 potions of haste
 w - a potion of invisibility
 A - a potion of might {unknown}
 B - 2 potions of berserk rage {unknown}


   Skills:
 + Level 2.0 Fighting
 - Level 2.6 Dodging
 + Level 10.1 Unarmed Combat
 + Level 3.3 Spellcasting
 + Level 4.5 Transmutations
 + Level 1.4 Ice Magic


You had 3 spell levels left.
You knew the following spells:

 Your Spells              Type           Power      Damage    Failure   Level
a - Beastly Appendage     Tmut           32%        N/A       3%          1
b - Wereblood             Tmut           16%        N/A       4%          2
c - Spider Form           Tmut/Pois      9%         N/A       22%         3
d - Ice Form              Ice/Tmut       11%        N/A       50%         4

Your spell library contained the following spells:

 Spells                   Type           Power      Damage    Failure   Level
 Slow                     Hex            8%         N/A       19%         1
 Summon Small Mammal      Summ           8%         N/A       19%         1
 Ignite Poison            Fire/Tmut/Pois 7%         N/A       30%         3
 Call Canine Familiar     Summ           2%         N/A       50%         3
 Confusing Touch          Hex            2%         N/A       50%         3
 Conjure Flame            Conj/Fire      2%         6-21      50%         3
 Summon Guardian Golem    Hex/Summ       2%         N/A       50%         3
 Vampiric Draining        Necr           2%         2d6       50%         3
 Leda's Liquefaction      Hex/Erth       1%         N/A       88%         4
 Sticky Flame             Conj/Fire      2%         2d3       88%         4
 Lee's Rapid Deconstruct  Erth           1%         3d5*      99%         5
 Statue Form              Tmut/Erth      6%         N/A       100%        6


Dungeon Overview and Level Annotations

Branches:
Dungeon (6/15)             Temple (1/1) D:5

Altars:
Cheibriados
Dithmenos
Elyvilon
Hepliaklqana
Kikubaaqudgha
Makhleb
Qazlal
Ru
Uskayaw
Vehumet
Wu Jian
Xom
Yredelemnul

Annotations:
D:4 2 transporters, adizb's ghost, amateur DENe


Innate Abilities, Weirdness & Mutations

You have temporarily grown beastly horns.
((You are very nimble when in or above water. (Stealth+, EV+, Speed+++)))
Your lower body shifts to a powerful aquatic tail in water.


Message History

B - 2 grey potions (gained 1)
Found a stone staircase leading down.
You see here 2 stones.
A sky beast comes into view.
Found an escape hatch in the floor.
A sky beast is nearby!
Found 16 gold pieces.
The sky beast hits you but does no damage.
You barely miss the sky beast. The sky beast hits you.
The sky beast shocks you.
You barely miss the sky beast. The sky beast barely misses you.
You hit the sky beast but do no damage.
The sky beast hits you but does no damage.
Casting: Beastly Appendage (safe; 3% risk of failure)
Confirm with . or Enter, or press ? or * to list all spells.
You grow a pair of large bovine horns.
Your +0 helmet melds into your body.
The sky beast hits you but does no damage.
You miss the sky beast. The sky beast hits you. The sky beast shocks you.
You hit the sky beast but do no damage. You headbutt the sky beast.
The sky beast is lightly wounded.
You closely miss the sky beast.
The sky beast is lightly wounded.
The sky beast hits you. The sky beast shocks you.
You punch the sky beast!
The sky beast is moderately wounded.
The sky beast flickers out of sight!
Deactivating autopickup; reactivate with Ctrl-A.
Something hits you. Something shocks you.
You punch something! Something hits you. Something shocks you.
You closely miss something. Something hits you. Something shocks you.
* * * LOW HITPOINT WARNING * * *
You closely miss something. Your punch misses something. You miss something.
Your punch misses something. Something hits you.
* * * LOW HITPOINT WARNING * * *
Something shocks you.
* * * LOW HITPOINT WARNING * * *
You hit something but do no damage. Something hits you.
* * * LOW HITPOINT WARNING * * *
Something shocks you.
You die...

#####.#...........
#.....##...#######
#.##.......... #
.# #.##.######.##
# .. #.##.# ... #
.. #.##.# ... .
##.#. #.##.. #.. #
......#.####
#..@..# #....{...#
####....>#
.......# ........#
.......###.
....... .. ....$..
...


There were no monsters in sight!

Vanquished Creatures
  A black bear (D:3)
  2 ogres
  A centaur (D:6)
  3 phantoms
  2 necrophages
  A scorpion (D:5)
  A howler monkey (D:5)
  3 hounds
  An orc priest (D:5)
  Terence (D:2)
  Jessica (D:2)
  An iguana (D:5)
  An orc wizard (D:5)
  6 adders
  3 gnolls (D:4)
  2 shadow imps
  2 white imps
  3 worms (D:3)
  3 dart slugs
  10 orcs
  12 ball pythons
  4 endoplasms
  6 giant cockroaches
  6 goblins
  8 hobgoblins
  7 jackals
  7 kobolds
  10 quokkas
  4 bats
  A frilled lizard (D:1)
  6 rats
  A spectral kobold (D:3)
120 creatures vanquished.

Notes
Turn   | Place    | Note
-------+----------+-------------------------------------------
     0 | D:1      | growler the Merfolk Transmuter began the quest for the Orb.
     0 | D:1      | Reached XP level 1. HP: 15/15 MP: 3/3
   180 | D:1      | Reached XP level 2. HP: 6/21 MP: 5/5
   388 | D:1      | Learned a level 2 spell: Wereblood
   706 | D:1      | Found a faded altar of an unknown god.
  1033 | D:2      | Noticed Terence
  1055 | D:1      | Reached XP level 3. HP: 14/26 MP: 6/6
  1092 | D:1      | Learned a level 3 spell: Spider Form
  1479 | D:2      | You fall into a shaft and drop 2 floors!
  1481 | D:4      | Found a transporter.
  1482 | D:4      | Noticed adizb's ghost (amateur DENe)
  1484 | D:4      | Found a transporter.
  1705 | D:4      | Reached skill level 4 in Unarmed Combat
  1705 | D:4      | Reached XP level 4. HP: 15/32 MP: 2/8
  2103 | D:3      | Noticed a black bear
  2112 | D:3      | Killed a black bear
  2113 | D:3      | Reached skill level 5 in Unarmed Combat
  2113 | D:3      | Reached XP level 5. HP: 20/37 MP: 6/9
  2723 | D:3      | Found a glowing drain.
  3060 | D:2      | Killed Terence
  3061 | D:2      | Reached skill level 6 in Unarmed Combat
  3061 | D:2      | Reached XP level 6. HP: 17/43 MP: 3/10
  3407 | D:2      | Noticed Jessica
  3414 | D:2      | Killed Jessica
  4273 | D:3      | Found a hazy altar of Hepliaklqana.
  4706 | D:4      | Reached skill level 7 in Unarmed Combat
  4725 | D:4      | Reached XP level 7. HP: 29/48 MP: 9/11
  4891 | D:4      | Reached skill level 8 in Unarmed Combat
  5973 | D:5      | Entered Level 5 of the Dungeon
  6001 | D:5      | Reached skill level 9 in Unarmed Combat
  6014 | D:5      | Found a staircase to the Ecumenical Temple.
  6087 | Temple   | Entered the Ecumenical Temple
  6175 | D:5      | Reached XP level 8. HP: 35/54 MP: 10/12
  6581 | D:5      | Learned a level 4 spell: Ice Form
  6658 | D:5      | Reached skill level 10 in Unarmed Combat
  7074 | D:5      | Reached skill level 1 in Ice Magic
  7214 | D:5      | Found an ornate altar of the Wu Jian Council.
  7368 | D:5      | Became a worshipper of the Wu Jian Council
  7815 | D:6      | Slain by a sky beast

Illustrated notes

Levels and vault maps discovered:
D:1:      onia_arrival_handbag, layout_basic, ebering_ecumenical_altar_hall
D:2:      layout_basic, uniq_terence, uniq_jessica
D:3:      layout_basic, nicolae_hepliaklqana_monster_ancestors,
          portal_sewer_entry_f
D:4:      minmay_polygon_palace, layout_basic, gammafunk_ghost_arena
D:5:      layout_loops_ring, nzn_wu_jian_council_hall,
          minmay_temple_entry_statues_fountains
D:6:      layout_basic, old_standard_altar
Temple:   nicolae_temple_ecumenical_triangle

Skill      XL: |  1  2  3  4  5  6  7  8 |
---------------+-------------------------+-----
Transmutations | 3 4 |  4.5
Unarmed Combat | 4 5 6 7 9 10 | 10.1
Spellcasting   | 3 |  3.3
Ice Magic      | 1 |  1.4
Fighting       | 2 |  2.0
Dodging        | |  2.6

Action                   |  1- 3 |  4- 6 |  7- 9 || total
-------------------------+-------+-------+-------++-------
Melee: Unarmed           |    83 |   179 |   180 ||   442
       Headbutt          |    10 |    22 |    22 ||    54
       Punch             |       |     8 |     7 ||    15
 Cast: Beastly Appendage |    14 |    19 |    13 ||    46
       Spider Form       |     1 |     2 |     3 ||     6
       Wereblood         |       |     2 |       ||     2
Invok: Lunge             |       |       |     1 ||     1
  Use: Scroll            |       |       |     7 ||     7
 Stab: Sleeping          |     1 |     1 |       ||     2
Armor: Robe              |     8 |    15 |    22 ||    45
       Skin              |       |     2 |       ||     2
Dodge: Dodged            |    58 |    95 |    96 ||   249
